Construct Infanterie Kompanie
Selects Luftwaffe Battlegroup
Selects Luftwaffe Pioneer Support
Fallschirmpioneer Squad Paradrop
Fallschirmpioneer Squad Paradrop
Infanterie Officer Quarters
Fallschirmpioneer Squad Paradrop
Selects Stuka Strafing Run
Selects Flak 38 Anti-Air Emplacement
Construct Luftwaffe Kompanie
Fallschirmpioneer Squad Paradrop
Selects Flak 36 Anti-tank Gun Emplacement
Luftwaffe Officer Quarters
Selects Fallschirmjäger Squad Paradrop